 Dungeon Crawl Stone Soup version 0.31-a0-1598-g94871bc2e8 (webtiles) character file.

Game seed: 12316254861353425592

2121171 MackTheKnife the Sensei (level 23, 145/145 HPs)
             Began as a Tengu Shapeshifter on Jan 6, 2024.
             Was the Champion of Jiyva.
             Escaped with the Orb
             ... and 3 runes
             ... and 3 gems (all intact) on Jan 7, 2024!
             The game lasted 01:16:44 (49004 turns).

MackTheKnife the Sensei (Tengu Shapeshifter)       Turns: 49004, Time: 01:16:44

Health: 145/145    AC: 24    Str: 35    XL:     23   Next: 20%
Magic:  24/24      EV: 34    Int: 14    God:    Jiyva [******]
Gold:   2538       SH: 32    Dex: 24    Spells: 22/22 levels left

rFire   + +          +
                       - Unarmed
rCold   + + .        D - +4 tower shield {AC+3}
rNeg    . . .        G - +6 scale mail of Orthodoxy {Will++ Str+3}
rPois   +            Y - +2 hat
rElec   +            n - +1 cloak "Itiat" {rElec Str+2 Int+3 SInv}
rCorr   +            J - +2 pair of gloves {Dex+3}
SInv    +            (boots unavailable)
Will    +++++        d - amulet of Internal Strife {Reflect rC+ Will+ SH+5}
Stlth   +            V - ring "Teocich" {Fly rF++ rC+ Str+3 Slay-3}
HPRegen 2.04/turn    f - ring of Miceun {^Contam *Slow rPois EV+5 Str+9}
MPRegen 0.99/turn

%: slow self (1%), reflection, acrobat, clarity
@: flying, wreathed by umbra, studying Spellcasting
A: beak, talons 3, evasive flight, acrobatic, clarity, clumsy 1, fire resistance
1, frail 1, strong-willed 2, electricity resistance, strong 1, acidic bite,
pseudopods 2, jelly sensing items
0: Orb of Zot
}: 3/15 runes: decaying, serpentine, slimy
a: Renounce Religion, Oozemancy, Slimify


You escaped.
You worshipped Jiyva.
Jiyva was exalted by your worship.
You visited 11 branches of the dungeon, and saw 52 of its levels.
You also visited: Bailey, Gauntlet and Wizlab.

You collected 7794 gold pieces.
You spent 5256 gold pieces at shops.


Innate Abilities, Weirdness & Mutations

You have a beak for a mouth.
You have claws for feet.
Your magical flight helps you evade attacks. (EV +4)
You can magically evade attacks while moving or waiting.
You possess an exceptional clarity of mind.
You are clumsy. (Dex -2)
Your flesh is heat resistant. (rF+)
You are frail. (-10% HP)
You are highly strong-willed. (Will++)
You are resistant to electric shocks. (rElec)
Your muscles are strong. (Str +4, Int/Dex -1)
You have acidic saliva.
Armour fits poorly on your large pseudopods.
You have a small jelly attached to you that senses nearby items.


   Skills:
 + Level 22.2 Fighting
 - Level 14.0 Armour
 - Level 18.0 Dodging
 - Level 18.0 Shields
 + Level 22.6 Unarmed Combat
 - Level 8.0 Evocations
 - Level 2.6 Shapeshifting


You had 22 spell levels left.
You didn't know any spells.
Your spell library contained the following spells:

 Spells                   Type           Power      Damage    Failure   Level
 Kiss of Death            Conj/Necr      0%         2d5       58%         1
 Magic Dart               Conj           0%         1d3       58%         1
 Necrotise                Necr           0%         1d4       58%         1
 Sting                    Conj/Alch      0%         1d3       58%         1
 Summon Small Mammal      Summ           0%         N/A       58%         1
 Blink                    Tloc           0%         N/A       73%         2
 Call Imp                 Summ           0%         N/A       73%         2
 Cigotuvi's Dreadful Rot  Necr/Alch/Air  0%         N/A       73%         2
 Lesser Beckoning         Tloc           0%         N/A       73%         2
 Mercury Vapours          Alch/Air       0%         N/A       73%         2
 Sublimation of Blood     Necr           0%         N/A       73%         2
 Call Canine Familiar     Summ           0%         N/A       91%         3
 Confusing Touch          Hex            0%         N/A       91%         3
 Dazzling Flash           Conj/Hex       0%         N/A       91%         3
 Fugue of the Fallen      Necr           0%         N/A       91%         3
 Gell's Gravitas          Tloc           0%         N/A       91%         3
 Mephitic Cloud           Conj/Alch/Air  0%         N/A       91%         3
 Ozocubu's Armour         Ice            0%         N/A       91%         3
 Sigil of Binding         Hex            0%         N/A       91%         3
 Summon Ice Beast         Ice/Summ       0%         N/A       91%         3
 Teleport Other           Tloc           0%         N/A       91%         3
 Vampiric Draining        Necr           0%         2d6       91%         3
 Animate Dead             Necr           0%         N/A       100%        4
 Cause Fear               Hex            0%         N/A       100%        4
 Dimensional Bullseye     Hex/Tloc       0%         N/A       100%        4
 Dispel Undead            Necr           0%         3d6       100%        4
 Iskenderun's Mystic Bla  Conj/Tloc      0%         2d3       100%        4
 Manifold Assault         Tloc           0%         N/A       100%        4
 Martyr's Knell           Necr/Summ      0%         N/A       100%        4
 Olgreb's Toxic Radiance  Alch           0%         N/A       100%        4
 Summon Blazeheart Golem  Fire/Summ      0%         N/A       100%        4
 Vhi's Electric Charge    Tloc/Air       0%         N/A       100%        4
 Alistair's Intoxication  Alch           0%         N/A       100%        5
 Arcjolt                  Conj/Air       0%         1d10      100%        5
 Borgnjor's Vile Clutch   Necr/Erth      0%         N/A       100%        5
 Curse of Agony           Necr           0%         N/A       100%        5
 Fireball                 Conj/Fire      0%         3d3       100%        5
 Freezing Cloud           Conj/Ice/Air   0%         6-21      100%        5
 Metabolic Englaciation   Hex/Ice        0%         N/A       100%        5
 Silence                  Hex/Air        0%         N/A       100%        5
 Summon Mana Viper        Hex/Summ       0%         N/A       100%        5
 Conjure Ball Lightning   Conj/Air       0%         3x3d6     100%        6
 Death Channel            Necr           0%         N/A       100%        6
 Dispersal                Tloc           0%         N/A       100%        6
 Eringya's Noxious Bog    Alch           0%         4d6       100%        6
 Plasma Beam              Fire/Air       0%         2x1d10    100%        6
 Sculpt Simulacrum        Ice/Alch       0%         N/A       100%        6
 Starburst                Conj/Fire      0%         6d3       100%        6
 Haunt                    Necr/Summ      0%         N/A       100%        7
 Monstrous Menagerie      Summ           0%         N/A       100%        7
 Orb of Destruction       Conj           0%         9d5       100%        7
 Spellforged Servitor     Conj/Summ      0%         N/A       100%        7
 Borgnjor's Revivificati  Necr           0%         N/A       100%        8
 Discord                  Hex            0%         N/A       100%        8
 Disjunction              Tloc           0%         N/A       100%        8
 Chain Lightning          Conj/Air       0%         N/A       100%        9
 Death's Door             Necr           0%         N/A       100%        9
 Dragon's Call            Summ           0%         N/A       100%        9
 Fire Storm               Conj/Fire      0%         5d1       100%        9
 Shatter                  Erth           0%         3d5*      100%        9

Inventory:

Armour
 n - the +1 cloak "Itiat" (worn) {rElec Str+2 Int+3 SInv}
   (You found it on level 3 of the Elven Halls)

   Str+2:     It affects your strength (+2).
   Int+3:     It affects your intelligence (+3).
   rElec:     It insulates you from electricity.
   SInv:      It lets you see invisible.
 D - a +4 tower shield of protection (worn)
   (You took it off a naga warrior on level 4 of the Snake Pit)
 G - the +6 scale mail of Orthodoxy (worn) {Will++ Str+3}
   (You bought it in a shop on level 10 of the Dungeon)

   Str+3:     It affects your strength (+3).
   Will++:    It greatly increases your willpower.
 J - a +2 pair of gloves of dexterity (worn)
   (You bought it in a shop on level 1 of the Dungeon)
 Y - a +2 hat (worn)
   (You found it on level 2 of the Snake Pit)
Jewellery
 d - the amulet of Internal Strife (around neck) {Reflect rC+ Will+ SH+5}
   (You bought it in a shop on level 1 of the Depths)

   [amulet of reflection]

   Reflect:   It reflects blocked missile attacks.
   rC+:       It protects you from cold.
   Will+:     It increases your willpower.
   SH+5:      It affects your SH (+5).
 f - the ring of Miceun (right hand) {^Contam *Slow rPois EV+5 Str+9}
   (You bought it in a shop on level 1 of the Dungeon)

   [ring of evasion]

   EV+5:      It affects your evasion (+5).
   Str+9:     It affects your strength (+9).
   rPois:     It protects you from poison ^Contam: It causes magical
   contamination when unequipped.
   *Slow:     It may slow you when you take damage.
 r - the ring of the Marlin {rPois rC+ rN+ Dex+2}
   (You took it off a tengu reaver on level 14 of the Dungeon)

   [ring of positive energy]

   Dex+2:     It affects your dexterity (+2).
   rC+:       It protects you from cold.
   rPois:     It protects you from poison rN+: It protects you from negative
   energy.
 N - the amulet "Wikhiaps" {Faith rF+ Regen+ Dex-3}
   (You found it in a Gauntlet)

   [amulet of faith]

   Faith:     It allows you to gain divine favour quickly.
   Dex-3:     It affects your dexterity (-3).
   rF+:       It protects you from fire.
   Regen+:    It increases your rate of health regeneration.
 V - the ring "Teocich" (left hand) {Fly rF++ rC+ Str+3 Slay-3}
   (You bought it in a shop on level 1 of the Dungeon)

   [ring of protection from cold]

   Str+3:     It affects your strength (+3).
   Slay-3:    It affects your accuracy & damage with ranged weapons and melee
   (-3).
   rF++:      It greatly protects you from fire.
   rC+:       It protects you from cold.
   Fly:       It grants you flight.
Wands
 u - a wand of digging (35)
   (You found it on level 9 of the Dungeon)
 x - a wand of mindburst (16)
   (You found it on level 1 of the Snake Pit)
 A - a wand of paralysis (5)
   (You found it on level 3 of the Dungeon)
 C - a wand of polymorph (18)
   (You found it on level 4 of the Dungeon)
 H - a wand of roots (3)
   (You found it on level 8 of the Dungeon)
 K - a wand of quicksilver (21)
   (You found it on level 2 of the Lair of Beasts)
 R - a wand of flame (41)
   (You found it on level 4 of the Lair of Beasts)
Scrolls
 c - 9 scrolls of teleportation {@r4}
 j - 3 scrolls of summoning
 m - 8 scrolls of vulnerability {!r!r}
 q - 13 scrolls of fog
 v - 8 scrolls of identify {@r1}
 y - 2 scrolls of silence {!r}
 I - 5 scrolls of blinking {!r}
 O - 2 scrolls of revelation
 U - 4 scrolls of fear
 W - 3 scrolls of poison
 Z - a scroll of immolation {!r!r}
Potions
 b - 4 potions of cancellation
 e - 8 potions of enlightenment
 g - 6 potions of heal wounds {@q2}
 i - 5 potions of haste {@q3}
 k - 5 potions of magic
 s - 6 potions of mutation {!q}
 t - 11 potions of curing {@q1}
 z - 3 potions of berserk rage {!q}
Miscellaneous
 h - a phial of floods
   (You found it on level 9 of the Dungeon)
 E - a tin of tremorstones (2/2) {throwing}
   (You found it on level 14 of the Dungeon)
 L - a box of beasts
   (You found it on level 14 of the Dungeon)
 P - a phantom mirror (inert)
   (You found it in a Gauntlet)
 Q - a lightning rod (4/4)
   (You found it in a Gauntlet)

Dungeon Overview and Level Annotations

Branches:
Dungeon (15/15)            Temple (1/1) D:4            Lair (5/5) D:9
  Swamp (4/4) Lair:3        Snake (4/4) Lair:3        Slime (5/5) Lair:4
    Orc (2/2) D:9             Elf (3/3) Orc:2        Vaults (4/5) D:14
  Crypt (0/3) Vaults:2     Depths (4/4) D:15            Zot (5/5) Depths:4
 Bailey (visited)          WizLab (visited)         Gauntlet (visited)

Altars:
Ashenzari
Cheibriados
Dithmenos
Elyvilon
Fedhas
Gozag
Hepliaklqana
Kikubaaqudgha
Makhleb
Nemelex Xobeh
Okawaru
Qazlal
Ru
Sif Muna
Trog
Uskayaw
Vehumet
Wu Jian
Xom
Yredelemnul
Zin
The Shining One
Jiyva

Shops:
D:1 ?*[=   D:10 [   Orc:2 =((=*   Elf:1 ?   Depths:1 :==   Depths:3 ?

Portals:
Hell: Lair:5 Depths:1 Depths:4
Abyss: Depths:3
Trove: D:11 (give 12 scrolls of teleportation)

Annotations:
D:5 1 runed translucent door, Crazy Yiuf
Swamp:3 Mara
Snake:1 Roxanne
Snake:2 1 runed translucent door, Pim's ghost, adept HuIE
Snake:4 3 runed translucent doors, Hih Uni's ghost, journeyman MiFi
Slime:5 Royal Jelly
Vaults:2 Sojobo

##.#.##.# #.# ...#.##.#
####################.##
####.##.###...................#.#
#.##..............#######.###.
#.######.~~~~~~~..# #....#.#
#........~.....~..### ♣.♣##.##
########.~..........# ♣.♣ #...
#.~..~~~~~~~.##♣∩♣##.##
#.~..A@....~.#.♣♣♣...#
#.~.....~..~.#.# ##### ######
#.~~~~~~~..~.#.# .....#
###..........~.#.# ####.#
#......~.....~.#.# #.#
#.####.~~~~~~~...# #.# #.#
#...........# #.# #.#
##..#........# #.# #.#
#.....#####.##


You could see a profane servitor.


Message History

You peck the sun demon, but do no damage.
Your bludgeon misses the sun demon. You pummel the sun demon!!
Your kick misses the sun demon. You peck the sun demon.
You barely miss the sun demon. You claw the sun demon.
You kill the sun demon!
You hear a distant slurping noise.
A ynoxinul comes into view.
There is an escape hatch in the ceiling here.
The ynoxinul gestures.
A mysterious force pulls you upwards. The hatch slams shut behind you.
There is a stone staircase leading up here.
You fly upwards.
There is a stone staircase leading down here.
Jiyva gurgles merrily.
You hear a distant slurping noise.
You hear a distant slurping noise.
You hear a distant slurping noise.
There is a stone staircase leading up here.
You fly upwards.
There is a stone staircase leading down here.
A Tzitzimitl comes into view.
There is a stone staircase leading up here.
Unknown command.
The Tzitzimitl calls on the powers of darkness!
Your body is wracked with pain!
You shudder from the blast and a jelly pops out!
You fly upwards.
Your summoned ally is left behind.
Level annotation: 1 runed translucent door, Crazy Yiuf An Orb Guardian comes into view.
There is a stone staircase leading down here. 😮 HP[-68]
You take 68 damage, and now have 77/145 hp.
MASSIVE DAMAGE!! (PAUSE) 😮 HP[+2]
You regained 2 hp, and now have 79/145 hp. 😮 HP[+2]
You regained 2 hp, and now have 81/145 hp. 😮 HP[+2]
You regained 2 hp, and now have 83/145 hp.
You pummel the Orb Guardian!!
You peck the Orb Guardian, but do no damage.
You block the Orb Guardian's attack. 😮 HP[+1]
You barely miss the Orb Guardian. Your kick misses the Orb Guardian.
You peck the Orb Guardian, but do no damage.
You bite the Orb Guardian, but do no damage.
You block the Orb Guardian's attack. 😮 HP[+2]
You regained 2 hp, and now have 86/145 hp.
You miss the Orb Guardian. Your kick misses the Orb Guardian.
Your peck misses the Orb Guardian. You bite the Orb Guardian.
You bludgeon the Orb Guardian, but do no damage.
The Orb Guardian misses you. 😮 HP[+1]
You barely miss the Orb Guardian. You claw the Orb Guardian.
You peck the Orb Guardian, but do no damage.
You block the Orb Guardian's attack. 😮 HP[+2]
You regained 2 hp, and now have 89/145 hp.
You pummel the Orb Guardian!! Your kick misses the Orb Guardian.
You peck the Orb Guardian, but do no damage.
Your bite misses the Orb Guardian. You bludgeon the Orb Guardian.
You kill the Orb Guardian! 😮 HP[+1] 😮 HP[+2]
You regained 2 hp, and now have 92/145 hp.
There is a stone staircase leading up here.
You fly upwards.
There is a stone staircase leading down here.
There is a stone staircase leading up here.
You fly upwards.
There is a stone staircase leading down here.
Things that are here:
4 stones {throwing}; a +0 club {mace}
There is a stone staircase leading up here.
You fly upwards.
There is a stone staircase leading down here.
You see here a +2 dagger of speed {short}.
There is a stone staircase leading up here.
There is a stone staircase leading up here.
You fly upwards.
There is a stone staircase leading down here.
A frilled lizard comes into view.
The frilled lizard hisses angrily. 😎 HP[+53]
Your hp is fully restored (145).
Unknown command.
You pummel the frilled lizard like a punching bag!!!
You kill the frilled lizard!
A profane servitor comes into view. It is wielding a +1 whip.
You block the profane servitor's attack. x2
The profane servitor completely misses you.
You block the profane servitor's attack.
The profane servitor completely misses you. x2
Unknown command.
You block the profane servitor's attack. x2
There is a staircase leading out of the dungeon here.
You block the profane servitor's attack. x2
You have escaped!

Skill      XL: |  1  2  3  4  5  6  7  8  9 10 11 12 13 14 15 16 17 18 19 20 21 22 23 |
---------------+----------------------------------------------------------------------+-----
Fighting       | 2 3 4 5 6 8 9 10 11 12 13 14 15 16 17 20 21 22 | 22.2
Unarmed Combat | 4 5 6 7 9 10 11 12 13 14 16 18 19 20 22 | 22.6
Dodging        | 5 10 11 12 14 15 18 | 18.0
Armour         | 4 8 12 13 14 | 14.0
Shields        | 4 10 13 14 18 | 18.0
Evocations     | 8 |  8.0
Shapeshifting  | |  2.6

Action                     |  1- 3 |  4- 6 |  7- 9 | 10-12 | 13-15 | 16-18 | 19-21 | 22-24 || total
---------------------------+-------+-------+-------+-------+-------+-------+-------+-------++-------
  Melee: Unarmed           |    48 |    55 |   170 |   650 |  1148 |  1297 |  1529 |   424 ||  5321
         Kick              |     5 |    17 |    59 |   260 |   477 |   536 |   653 |   203 ||  2210
         Peck              |     2 |     8 |    39 |   137 |   283 |   349 |   453 |   134 ||  1405
         Punch             |       |       |    11 |    48 |     5 |       |       |       ||    64
         Pseudopods        |       |       |       |       |       |       |   139 |   149 ||   288
         Bite              |       |       |       |       |       |       |    35 |    80 ||   115
  Throw: Dart              |    11 |     7 |     3 |    14 |       |       |       |       ||    35
         Throwing net      |       |       |       |     1 |       |       |       |       ||     1
 Invoke: Heavenly Storm    |       |       |       |       |     2 |       |       |       ||     2
         Oozemancy         |       |       |       |       |       |       |     1 |     1 ||     2
Ability: Lunge             |       |     1 |    12 |    21 |    79 |    80 |     7 |       ||   200
         Whirlwind         |       |       |     1 |     6 |    38 |    28 |     1 |       ||    74
         Wall Jump         |       |       |       |       |       |     1 |       |       ||     1
  Evoke: Wand              |       |     2 |     4 |    14 |     4 |       |     7 |     2 ||    33
         Lightning rod     |       |       |       |       |     5 |       |     4 |       ||     9
         Phantom mirror    |       |       |       |       |     2 |       |     1 |     1 ||     4
         Phial of floods   |       |       |       |       |     1 |     2 |     1 |       ||     4
         Box of beasts     |       |       |       |       |       |     1 |       |       ||     1
         Tin of tremorston |       |       |       |       |       |       |     4 |       ||     4
    Use: Scroll            |     1 |     8 |     1 |    10 |    18 |     6 |    18 |     9 ||    71
         Potion            |     1 |       |       |       |     9 |     3 |     9 |    12 ||    34
   Stab: Sleeping          |     4 |     4 |     1 |       |       |       |       |       ||     9
         Distracted        |     1 |       |       |     2 |       |       |     4 |     2 ||     9
         Paralysed         |       |       |     6 |       |     3 |       |     2 |       ||    11
         Held in net/web   |       |       |       |     1 |       |       |       |       ||     1
         Invisible         |       |       |       |       |       |       |       |    21 ||    21
 Armour: Animal skin       |    11 |    11 |     6 |       |       |       |       |       ||    28
         Skin              |     9 |       |       |       |       |       |       |       ||     9
         Ring mail         |       |       |    44 |    82 |       |       |       |       ||   126
         Scale mail        |       |       |       |    86 |   209 |   252 |   298 |    94 ||   939
  Dodge: Dodged            |    18 |    39 |   129 |   649 |   536 |   556 |   678 |   206 ||  2811
  Block: Kite shield       |       |       |       |       |   885 |   758 |       |       ||  1643
         Reflection        |       |       |       |       |    30 |   125 |   187 |     6 ||   348
         Tower shield      |       |       |       |       |       |   470 |  1952 |   494 ||  2916
         Form:             |       |       |     1 |       |       |       |       |       ||     1
         Beast             |       |       |     1 |       |       |       |       |       ||     1

Levels and vault maps discovered:
D:1:      ebering_hopf_link, layout_loops_ring, serial_shops, shop,
          nicolae_shop_peninsula, shop, nicolae_shop_peninsula
D:2:      layout_loops_ring, dk_noncrumbling_2, uniq_natasha
D:3:      layout_rooms
D:4:      minmay_opposing_rooms, layout_rooms, general_overflow_altar,
          minmay_temple_entry_glassed_door, solitary_fountain, uniq_sigmund
D:5:      layout_layer_cave, nicolae_overflow_hidden_temple, uniq_menkaure,
          uniq_crazy_yiuf_cottage
D:6:      layout_layer_cave, kennysheep_slug_shrine
D:7:      layout_basic, minitemple, nicolae_figureground_sparkle
D:8:      cheibrodos_barr_body, layout_basic
D:9:      cheibrodos_iron_armory, layout_basic, xom_teletrap_fun,
          erik_lair_island, minmay_orc_entry_temple_small, enter_bailey_2
D:10:     layout_small_grid, serial_shops, nicolae_diamond_shop
D:11:     layout_roguey, enter_trove_2, trog_hazing_becter, uniq_lodul
D:12:     layout_long_grid
D:13:     layout_gridville
D:14:     minmay_tile_spiral, layout_basic, skrybe_vaults_entry_preservation
D:15:     hellmonk_depths_entry_around_the_bend, layout_cave_pools,
          grunt_dithmenos_smoke, zin_statuary, uniq_josephine
Temple:   eino_narrow_crystal_temple
Lair:1:   layout_cave_pods, basic_altar, uniq_maggie
Lair:2:   layout_gridlike
Lair:3:   layout_gridlike, palyth_hydra_swamp_entry, dummy_snake_entry,
          special_room [special_room_mythical_zoo],
          chequers_serial_rivers_small_a, lemuel_another_geyser,
          serial_bayou_shore_b, grunt_megastairs_5
Lair:4:   minmay_lair_venomous_thicket, layout_regular_city,
          nicolae_slime_entry_field_trip, gauntlet_entry_generic,
          nzn_masters_of_martial_movement, uniq_nessos
Lair:5:   evil_forest, layout_small_grid, grunt_megastairs_1,
          infiniplex_staircase_pool_2
Swamp:1:  cheibrodos_swamp_tower_of_moss, layout_basic_swamp,
          evilmike_swamp_ruin_house_1, uniq_kirke, uniq_nikola
Swamp:2:  layout_falls_marsh, evilmike_swamp_ruin_rubble_2, swamp_pool_3
Swamp:3:  layout_falls_marsh, nicolae_swamp_feature_on_the_river_bank,
          infiniplex_staircase_pool, uniq_donald, uniq_mara
Swamp:4:  swamp_basic_johnstein, layout_basic_swamp
Snake:1:  layout_onion, grunt_megastairs_4, uniq_roxanne
Snake:2:  layout_honeycomb, ebering_ghost_inner_flame, grunt_megastairs_2,
          uniq_aizul, uniq_agnes, uniq_azrael
Snake:3:  layout_chambers, basic_altar, st_stairs_7, serial_bayou_shore_a,
          uniq_jorgrun
Snake:4:  grunt_snake_rune_spirals, layout_onion, gammafunk_ghost_necromancy
Slime:1:  layout_caves
Slime:2:  layout_caves
Slime:3:  layout_caves
Slime:4:  layout_caves, cheibrodos_slime_lost_civilization_5
Slime:5:  slime_pit_nicolae_jellycorners
Orc:1:    layout_caves, basic_altar
Orc:2:    st_orc_mages, layout_caves, serial_shops, shop, uniq_rupert,
          uniq_saint_roka, uniq_sonja
Elf:1:    eino_elf_arrival_sip, layout_onion_city, serial_shops, shop,
          hangedman_elven_crosses_minicolossus, uniq_frances
Elf:2:    nicolae_elf_blades_splatter_lattice
          [nicolae_blade_entry_hurt_lockers], layout_geoelf_octagon
Elf:3:    grunt_elf_hall_diamonds, layout_rooms, nicolae_elf_variegated_diamond
Vaults:1: vaults_room_pool, v_misc_22, v_misc_29, vaults_dpeg_encased_lava,
          nicolae_vaults_storage_closets_1, v_misc_15,
          nicolae_vaults_mini_display_case, v_misc_15, vaults_standard_mumra_x,
          nicolae_vaults_yaktaur_gun_rack, ontoclasm_vaults_spin,
          nicolae_vaults_double_plus_1, ontoclasm_vaults_ligature,
          nicolae_vaults_apartment_2, layout_vaults_ring
Vaults:2: st_greater_box_5, nicolae_vaults_ring_of_whatevers,
          hangedman_vaults_stretched_pinwheel, blue_anna_dwarven_crypt,
          nicolae_vaults_weapon_check, layout_vaults_omnibox, uniq_sojobo,
          uniq_mennas
Vaults:3: lightli_enter_wizlab_magi_temple, v_misc_22, v_misc_5, v_misc_24,
          nicolae_vaults_trapezoid_1, nicolae_vaults_little_squares_1, v_misc_2,
          v_pattern_2, vaults_dpeg_doors, nicolae_vaults_trapezoid_lopsided_3,
          layout_vaults_maze_bifur, uniq_norris
Vaults:4: hangedman_vaults_stretched_pinwheel, vaults_room_glass_cross,
          vaults_dpeg_hooks, nicolae_vaults_tetromino_L_2, vaults_room_grid,
          nicolae_vaults_tetromino_Z_2, nicolae_vaults_trapezoid_lopsided_1,
          layout_vaults_omnigrid
Depths:1: layout_cave_shapes, dreamdust_wishing_well, pf_coc_iceberg,
          fedhas_altar_1, minmay_shop_grove
Depths:2: kennysheep_four_of_diamonds, layout_cave_pools, enter_ziggurat_a,
          infiniplex_staircase_x, hell_entry, grunt_pan_entry_zigzag,
          evilmike_minifort
Depths:3: evilmike_library_of_no_secrets, layout_twisted_cross, serial_shops,
          nicolae_shop_window_shopping, hangedman_decor_clover_reticule,
          abyss_entry, pf_hell_entry_tar_river, kennysheep_potato
Depths:4: grunt_zot_entry_gee_three, layout_gridlike, abyss_entry, pan_entry,
          chequers_serial_rivers_small_3, hell_entry, serial_bayou_lagoon_a
Zot:1:    layout_gridlike
Zot:2:    layout_basic, uniq_josephina, uniq_tiamat
Zot:3:    layout_misc_corridors, nicolae_diode_basic
Zot:4:    kennysheep_oblong_rooms, layout_misc_corridors, st_stairs_13
Zot:5:    layout_gridville, grunt_ministairs_1

Notes
Turn   | Place    | Note
-------+----------+-------------------------------------------
     0 | D:1      | MackTheKnife the Tengu Shapeshifter began the quest for the
                  | Orb.
     0 | D:1      | Reached XP level 1. HP: 12/12 MP: 2/2
     0 | D:1      | magus.rc [v1.9.6]
    32 | D:1      | Found Fusesa's Armour Boutique.
    75 | D:1      | Found Vuisch's Magic Scroll Emporium.
    80 | D:1      | Bought a scroll of identify for 28 gold pieces
   242 | D:1      | Found Caoshid's Assorted Antiques.
   254 | D:1      | You pick up a book of Winter and begin reading...
   254 | D:1      | You add the spells Ozocubu's Armour, Metabolic Englaciation
                  | and Sculpt Simulacrum to your library.
   329 | D:1      | You pick up a book of Necromancy and begin reading...
   329 | D:1      | You add the spells Necrotise, Vampiric Draining, Martyr's
                  | Knell and Curse of Agony to your library.
   383 | D:1      | Reached XP level 2. HP: 16/16 MP: 3/3
   715 | D:1      | Bought a scroll of teleportation for 42 gold pieces
   756 | D:1      | Found Loyrupraxe's Jewellery Shop.
   813 | D:2      | Noticed Natasha
  1072 | D:2      | Killed Natasha
  1073 | D:2      | Reached skill level 2 in Fighting
  1073 | D:2      | Reached skill level 4 in Unarmed Combat
  1073 | D:2      | Reached XP level 3. HP: 13/22 MP: 4/4
  1654 | D:2      | Noticed Natasha
  1664 | D:2      | Killed Natasha
  1665 | D:2      | Reached XP level 4. HP: 27/27 MP: 5/5
  1805 | D:3      | Reached skill level 3 in Fighting
  2157 | D:3      | Identified a scroll of acquirement
  2158 | D:3      | Acquired 823 gold pieces
  2264 | D:1      | Bought the ring of Miceun {^Contam *Slow rPois EV+5 Str+9}
                  | for 713 gold pieces
  2301 | D:1      | Bought a glimmering chain mail for 237 gold pieces
  2301 | D:1      | Identified the +0 chain mail of Courage {rC+} (You bought
                  | it in a shop on level 1 of the Dungeon)
  2429 | D:3      | Noticed a scorpion
  2434 | D:3      | Killed a scorpion
  2435 | D:3      | Reached skill level 5 in Unarmed Combat
  2435 | D:3      | Reached XP level 5. HP: 30/33 MP: 6/6
  2623 | D:4      | Found an iron altar of Okawaru.
  2681 | D:4      | Reached skill level 4 in Fighting
  2681 | D:4      | Reached XP level 6. HP: 31/38 MP: 7/7
  2719 | D:4      | Found a staircase to the Ecumenical Temple.
  2728 | Temple   | Entered the Ecumenical Temple
  2743 | Temple   | Became a worshipper of the Wu Jian Council
  2867 | D:4      | Noticed Sigmund
  2885 | D:4      | Killed Sigmund
  2886 | D:4      | Reached skill level 6 in Unarmed Combat
  2989 | D:4      | Reached skill level 5 in Fighting
  2989 | D:4      | Gained mutation: Your magical flight helps you evade
                  | attacks. (EV +4) [Tengu growth]
  2989 | D:4      | Reached XP level 7. HP: 19/44 MP: 8/8
  3177 | D:4      | You add the spells Sting, Mercury Vapours and Olgreb's
                  | Toxic Radiance to your library.
  3306 | D:5      | Entered Level 5 of the Dungeon
  3437 | D:5      | Noticed Menkaure
  3446 | D:5      | Killed Menkaure
  3447 | D:5      | Reached skill level 7 in Unarmed Combat
  3522 | D:5      | Reached * piety under Wu Jian
  3649 | D:5      | Reached skill level 6 in Fighting
  3741 | D:5      | Found an opulent altar of Gozag.
  3775 | D:5      | Reached XP level 8. HP: 44/51 MP: 9/9
  4057 | D:5      | Found a runed translucent door.
  4058 | D:5      | Noticed Crazy Yiuf
  4768 | D:2      | Noticed Natasha
  5006 | D:6      | Reached skill level 8 in Unarmed Combat
  5137 | D:6      | You add the spells Haunt, Borgnjor's Revivification and
                  | Death's Door to your library.
  5748 | D:6      | Reached skill level 7 in Fighting
  5762 | D:6      | Found a snail-covered altar of Cheibriados.
  6279 | D:7      | Noticed a two-headed ogre
  6604 | D:7      | You pick up a book of Beasts and begin reading...
  6604 | D:7      | You add the spells Summon Ice Beast, Summon Mana Viper and
                  | Monstrous Menagerie to your library.
  6779 | D:7      | You pick up a book of Unlife and begin reading...
  6779 | D:7      | You add the spells Animate Dead, Borgnjor's Vile Clutch and
                  | Death Channel to your library.
  6835 | D:7      | Killed a two-headed ogre
  6836 | D:7      | Reached skill level 8 in Fighting
  6836 | D:7      | Reached skill level 9 in Unarmed Combat
  6836 | D:7      | Reached XP level 9. HP: 56/60 MP: 10/10
  7160 | D:7      | Reached skill level 10 in Unarmed Combat
  7267 | D:7      | Reached skill level 3 in Dodging
  7360 | D:7      | Found a sacrificial altar of Ru.
  7365 | D:7      | Found a sparkling altar of Nemelex Xobeh.
  7367 | D:7      | Found a stormy altar of Qazlal.
  7368 | D:7      | Found an ancient bone altar of Kikubaaqudgha.
  7718 | D:8      | Reached skill level 9 in Fighting
  7777 | D:8      | Reached skill level 4 in Dodging
  7852 | D:8      | Noticed a komodo dragon
  8076 | D:8      | Reached skill level 5 in Dodging
  8148 | D:8      | Reached ** piety under Wu Jian
  8153 | D:8      | Reached XP level 10. HP: 53/67 MP: 11/11
  8163 | D:8      | Reached skill level 10 in Fighting
  8163 | D:8      | Reached skill level 6 in Dodging
  8472 | D:8      | Reached skill level 7 in Dodging
  8761 | D:9      | Reached skill level 8 in Dodging
  8808 | D:9      | Reached *** piety under Wu Jian
  8819 | D:9      | Reached skill level 9 in Dodging
  8837 | D:9      | Found a staircase to the Orcish Mines.
  8869 | D:9      | HP: 12/68 [orc priest/divine providence (14)]
  9340 | D:9      | Found a flagged portal.
  9341 | D:9      | Noticed a rust devil
  9348 | D:9      | Noticed a rust devil
  9358 | Bailey   | Entered a bailey
  9503 | Bailey   | Reached skill level 10 in Dodging
  9745 | Bailey   | Acquired 789 gold pieces
  9804 | Bailey   | Reached skill level 11 in Unarmed Combat
  9812 | Bailey   | Reached **** piety under Wu Jian
  9813 | Bailey   | Reached XP level 11. HP: 61/72 MP: 12/12
 10079 | Bailey   | Reached skill level 12 in Unarmed Combat
 10090 | Bailey   | Found an iron altar of Okawaru.
 10103 | Bailey   | You add the spells Alistair's Intoxication, Freezing Cloud
                  | and Plasma Beam to your library.
 10103 | Bailey   | Got Tipemac's Folio of Concoctions and Nephomancy
 10205 | D:9      | Found a staircase to the Lair.
 10379 | D:9      | Reached skill level 1 in Armour
 10713 | D:9      | Reached skill level 2 in Armour
 11037 | D:9      | Found a shimmering altar of Xom.
 11475 | D:2      | Killed Natasha
 11522 | D:1      | Bought a scroll of blinking for 105 gold pieces
 11539 | D:1      | Bought a +2 pair of gloves of dexterity for 258 gold pieces
 11763 | D:10     | Entered Level 10 of the Dungeon
 11806 | D:10     | Reached skill level 3 in Armour
 11854 | D:10     | You add the spells Gell's Gravitas, Teleport Other and
                  | Dispersal to your library.
 11916 | D:10     | Reached skill level 1 in Shields
 12010 | D:10     | Found Usyis's Antique Armour Boutique.
 12027 | D:10     | Bought a scorched ring mail for 216 gold pieces
 12027 | D:10     | Identified the +1 ring mail "Jibapiz" {rElec rC+ Int+2
                  | SInv} (You bought it in a shop on level 10 of the Dungeon)
 12038 | D:10     | Bought a distressingly furry scale mail for 216 gold pieces
 12038 | D:10     | Identified the +6 scale mail of Orthodoxy {Will++ Str+3}
                  | (You bought it in a shop on level 10 of the Dungeon)
 12454 | Lair:1   | Entered Level 1 of the Lair of Beasts
 12497 | Lair:1   | Reached skill level 2 in Shields
 12506 | Lair:1   | Reached skill level 4 in Armour
 12520 | Lair:1   | Reached skill level 3 in Shields
 12524 | Lair:1   | Reached skill level 11 in Fighting
 12638 | Lair:1   | Noticed Maggie
 12660 | Lair:1   | Killed Maggie
 12666 | Lair:1   | Found a white marble altar of Elyvilon.
 12673 | Lair:1   | Reached skill level 4 in Shields
 12793 | Lair:1   | Reached ***** piety under Wu Jian
 12847 | Lair:1   | Reached XP level 12. HP: 77/80 MP: 13/13
 12872 | Lair:1   | Reached skill level 5 in Shields
 13052 | Lair:1   | Reached skill level 12 in Fighting
 13052 | Lair:1   | Reached skill level 6 in Shields
 13068 | Lair:1   | HP: 15/81 [elephant (10)]
 13383 | Lair:1   | Identified the +7 dagger "Avirchus" {spect, rElec}
 13416 | Lair:1   | Reached skill level 7 in Shields
 13502 | Lair:1   | Reached skill level 8 in Shields
 13899 | Lair:2   | Noticed a four-headed hydra
 13905 | Lair:2   | Killed a four-headed hydra
 13988 | Lair:2   | Noticed a four-headed hydra
 13994 | Lair:2   | Killed a four-headed hydra
 13995 | Lair:2   | Reached skill level 9 in Shields
 14324 | Lair:2   | Reached skill level 10 in Shields
 14913 | Lair:3   | Reached XP level 13. HP: 86/86 MP: 14/14
 14926 | Lair:3   | Reached skill level 11 in Shields
 15033 | Lair:3   | Identified the +9 trident "Oghual" {venom, rElec rF+ Str+2
                  | Int+3 Stlth+}
 15069 | Lair:3   | Found a staircase to the Snake Pit.
 15341 | Lair:3   | Reached skill level 12 in Shields
 15588 | Lair:3   | Found a staircase to the Swamp.
 16295 | Lair:4   | Noticed Nessos
 16306 | Lair:4   | Killed Nessos
 16322 | Lair:4   | Found a gate leading to a gauntlet.
 16331 | Gauntlet | Entered a Gauntlet
 16331 | Gauntlet | Found a large runed translucent door.
 16331 | Gauntlet | Found a large runed translucent door.
 16331 | Gauntlet | Found a large runed translucent door.
 16331 | Gauntlet | Found a large runed translucent door.
 16331 | Gauntlet | Found a runed translucent door.
 16331 | Gauntlet | Found a large runed translucent door.
 16331 | Gauntlet | Found a large runed translucent door.
 16331 | Gauntlet | Found a transporter.
 16331 | Gauntlet | Found a transporter.
 16331 | Gauntlet | Found a large runed translucent door.
 16331 | Gauntlet | Found a large runed translucent door.
 16331 | Gauntlet | Found a runed translucent gate.
 16331 | Gauntlet | Found a runed translucent gate.
 16331 | Gauntlet | Found a transporter.
 16332 | Gauntlet | Found a transporter.
 16335 | Gauntlet | Found a transporter.
 16335 | Gauntlet | Found a transporter.
 16339 | Gauntlet | Found a runed translucent gate.
 16339 | Gauntlet | Found a runed translucent door.
 16345 | Gauntlet | Found a transporter.
 16349 | Gauntlet | Found a transporter.
 16357 | Gauntlet | Noticed a green death
 16359 | Gauntlet | Found a transporter.
 16406 | Gauntlet | Found a large runed translucent door.
 16406 | Gauntlet | Found a large runed translucent door.
 16408 | Gauntlet | Found a large runed translucent door.
 16409 | Gauntlet | Found a large runed translucent door.
 16411 | Gauntlet | Found a large runed translucent door.
 16411 | Gauntlet | Found a large runed translucent door.
 16412 | Gauntlet | Found a large runed translucent door.
 16413 | Gauntlet | Found a large runed translucent door.
 16463 | Gauntlet | Found a transporter.
 16467 | Gauntlet | Found a transporter.
 16477 | Gauntlet | Found a transporter.
 16683 | Gauntlet | Identified the amulet "Wikhiaps" {Faith rF+ Regen+ Dex-3}
 16724 | Gauntlet | Noticed a minotaur
 16731 | Gauntlet | Gained mutation: Your muscles are strong. (Str +4, Int/Dex
                  | -1) [potion of mutation]
 16731 | Gauntlet | Gained mutation: You occasionally shout uncontrollably at
                  | your foes. [potion of mutation]
 16731 | Gauntlet | Gained mutation: Your muscles are very strong. (Str +8,
                  | Int/Dex -2) [potion of mutation]
 16753 | Gauntlet | Killed a minotaur
 16754 | Gauntlet | Reached skill level 13 in Unarmed Combat
 16827 | Gauntlet | Identified the ring "Purho Ontos" {Ice Str+3 Int+2 Dex+2}
 16828 | Gauntlet | You add the spells Sublimation of Blood, Cigotuvi's
                  | Dreadful Rot and Starburst to your library.
 16828 | Gauntlet | Got the Handbook of Pyromancy and Profane Secrets
 16960 | Lair:4   | Found an ornate altar of the Wu Jian Council.
 16960 | Lair:4   | Found a hide-covered altar of Uskayaw.
 16970 | Lair:4   | Reached skill level 13 in Fighting
 16970 | Lair:4   | Reached skill level 13 in Shields
 17228 | Lair:4   | Found a staircase to the Slime Pits.
 17230 | Lair:4   | Reached XP level 14. HP: 94/94 MP: 15/15
 17266 | Lair:4   | Found a viscous altar of Jiyva.
 17498 | Lair:5   | Entered Level 5 of the Lair of Beasts
 17513 | Lair:5   | Reached ****** piety under Wu Jian
 18079 | Lair:5   | Reached skill level 14 in Unarmed Combat
 18282 | Lair:5   | Noticed a dire elephant
 18296 | Lair:5   | Killed a dire elephant
 18538 | Lair:5   | Reached skill level 14 in Fighting
 18548 | Lair:5   | Reached skill level 14 in Shields
 18649 | Lair:5   | Found a burning altar of Makhleb.
 18655 | Lair:5   | Found a gateway to Hell.
 18662 | Lair:5   | Identified the +2 ring mail of Irksome Freedom {rElec Int+7
                  | SInv Stlth-}
 19148 | Orc:1    | Entered Level 1 of the Orcish Mines
 19608 | Orc:2    | Entered Level 2 of the Orcish Mines
 19629 | Orc:2    | Noticed Saint Roka
 19639 | Orc:2    | Noticed Rupert
 19655 | Orc:1    | Killed Rupert
 19994 | Orc:2    | Found a staircase to the Elven Halls.
 20069 | Orc:2    | HP: 17/96 [orc priest/divine providence (10)]
 20074 | Orc:2    | HP: 12/96 [orc priest/divine providence (14)]
 20081 | Orc:2    | Found Egukatol's Weapon Emporium.
 20081 | Orc:2    | Found Biwoul's General Store.
 20081 | Orc:2    | Found Plog's Jewellery Shoppe.
 20085 | Orc:2    | HP: 15/96 [orc high priest/divine providence (15)]
 20163 | Orc:2    | Noticed Sonja
 20171 | Orc:2    | Killed Sonja
 20495 | Orc:2    | HP: 22/96 [Saint Roka/+0 great sword (10)]
 20497 | Orc:2    | Killed Saint Roka
 20498 | Orc:2    | Reached skill level 11 in Dodging
 20498 | Orc:2    | Reached XP level 15. HP: 24/101 MP: 16/16
 20834 | Orc:2    | Found Pimn's Weapon Emporium.
 21022 | Orc:2    | Bought a scroll of teleportation for 54 gold pieces
 21022 | Orc:2    | Bought a potion of curing for 54 gold pieces
 21022 | Orc:2    | Bought a scroll of identify for 36 gold pieces
 21183 | Orc:2    | Reached skill level 15 in Unarmed Combat
 21423 | Orc:2    | Found Cyliunui's Jewellery Shoppe.
 21629 | D:11     | Found a portal to a secret trove of treasure.
 21638 | D:11     | Noticed Lodul
 21656 | D:11     | Killed Lodul
 21892 | D:11     | Reached skill level 15 in Fighting
 22150 | D:1      | Bought a scroll of teleportation for 42 gold pieces
 22150 | D:1      | Bought a scroll of teleportation for 42 gold pieces
 22150 | D:1      | Bought a scroll of fear for 56 gold pieces
 22185 | D:1      | Bought a scroll of identify for 50 gold pieces
 22185 | D:1      | Bought a scroll labelled QUAPHE RINA for 25 gold pieces
 22185 | D:1      | Bought a potion of enlightenment for 125 gold pieces
 22185 | D:1      | Bought a scroll of teleportation for 75 gold pieces
 22581 | D:11     | Found a bloodstained altar of Trog.
 22832 | D:1      | Bought the ring "Teocich" {Fly rF++ rC+ Str+3 Slay-3} for
                  | 588 gold pieces
 23212 | D:12     | You pick up a book of the Senses and begin reading...
 23212 | D:12     | You add the spells Dazzling Flash, Mephitic Cloud and
                  | Silence to your library.
 23969 | D:13     | Reached skill level 12 in Dodging
 24823 | D:14     | Found a gate to the Vaults.
 25818 | D:14     | Noticed a frost giant
 25860 | D:14     | Noticed a fire giant
 25866 | D:14     | Identified the ring of the Marlin {rPois rC+ rN+ Dex+2}
 25866 | D:14     | Noticed a tengu reaver
 25869 | D:14     | Reached skill level 16 in Unarmed Combat
 25870 | D:14     | Noticed a fire giant
 25870 | D:14     | Noticed a frost giant
 25871 | D:14     | Killed a fire giant
 26070 | D:14     | Killed a tengu reaver
 26084 | D:14     | Reached XP level 16. HP: 56/110 MP: 17/17
 26087 | D:14     | Reached skill level 13 in Dodging
 26334 | D:14     | Reached skill level 16 in Fighting
 26362 | D:14     | You pick up a book of Lightning and begin reading...
 26362 | D:14     | You add the spells Vhi's Electric Charge and Arcjolt to
                  | your library.
 26510 | D:15     | Entered Level 15 of the Dungeon
 26568 | D:15     | Found a glowing silver altar of Zin.
 26609 | D:15     | Noticed Josephine
 26634 | D:15     | Killed Josephine
 26900 | D:15     | Found a shadowy altar of Dithmenos.
 27090 | D:15     | Reached skill level 14 in Dodging
 27102 | D:15     | Reached skill level 17 in Unarmed Combat
 27128 | D:15     | Found a staircase to the Depths.
 27485 | Lair:1   | Upgraded the game from 0.31-a0-1591-g515db51633 to
                  | 0.31-a0-1598-g94871bc2e8
 27485 | Lair:1   | magus.rc [v1.9.6]
 27554 | Snake:1  | Entered Level 1 of the Snake Pit
 27690 | Snake:1  | Acquired a manual of Spellcasting
 27702 | Snake:1  | Reached skill level 5 in Armour
 28122 | Snake:1  | You pick up a book of Dangerous Friends and begin
                  | reading...
 28122 | Snake:1  | You add the spells Summon Blazeheart Golem, Orb of
                  | Destruction and Spellforged Servitor to your library.
 28264 | Snake:1  | You pick up a book of the Hunter and begin reading...
 28264 | Snake:1  | You add the spells Sigil of Binding, Call Canine Familiar
                  | and Dimensional Bullseye to your library.
 28325 | Snake:1  | Reached skill level 6 in Armour
 28455 | Snake:1  | Noticed Roxanne
 28462 | Snake:1  | You are sucked into a shaft and drop 1 floor!
 28530 | Snake:2  | Reached skill level 18 in Unarmed Combat
 28542 | Snake:2  | Reached skill level 7 in Armour
 28604 | Snake:2  | Noticed a nagaraja
 28617 | Snake:2  | Killed a nagaraja
 28704 | Snake:2  | Found a runed translucent door.
 28707 | Snake:2  | Noticed Pim's ghost (adept HuIE)
 29002 | Snake:2  | Reached skill level 8 in Armour
 29002 | Snake:2  | Identified the serpent talisman of Xerateuzi {rC++}
 29002 | Snake:2  | Noticed Aizul
 29038 | Snake:2  | Killed Aizul
 29039 | Snake:2  | Reached XP level 17. HP: 40/115 MP: 18/18
 29263 | Snake:2  | Noticed Azrael
 29280 | Snake:2  | Killed Azrael
 29398 | Snake:2  | Noticed Agnes
 29406 | Snake:2  | Killed Agnes
 29407 | Snake:2  | Reached skill level 9 in Armour
 29747 | Snake:1  | Acquired 634 gold pieces
 29786 | Snake:1  | Reached skill level 10 in Armour
 30073 | Snake:3  | Found an opulent altar of Gozag.
 30183 | Snake:3  | Reached skill level 11 in Armour
 30209 | Snake:3  | HP: 15/115 [naga sharpshooter/bolt (24)]
 30635 | Snake:3  | Noticed Jorgrun
 30653 | Snake:3  | Killed Jorgrun
 30678 | Snake:3  | Reached skill level 12 in Armour
 30790 | Snake:3  | You pick up a book of Minor Magic and begin reading...
 30790 | Snake:3  | You add the spells Magic Dart, Blink and Call Imp to your
                  | library.
 31337 | Snake:4  | Entered Level 4 of the Snake Pit
 31362 | Snake:4  | Reached skill level 1 in Evocations
 31404 | Snake:4  | Reached skill level 2 in Evocations
 31620 | Snake:4  | Found a runed translucent gate.
 31620 | Snake:4  | Found a runed translucent gate.
 31620 | Snake:4  | Found a runed translucent gate.
 31632 | Snake:4  | Reached skill level 3 in Evocations
 31635 | Snake:4  | Noticed Hih Uni's ghost (journeyman MiFi)
 31805 | Snake:4  | Reached skill level 4 in Evocations
 31844 | Snake:4  | Identified the ring "Fevoydom" {Ice rPois}
 32010 | Snake:4  | You pick up a book of Unlife and begin reading...
 32156 | Snake:4  | Reached skill level 5 in Evocations
 32270 | Snake:4  | Reached skill level 6 in Evocations
 32426 | Snake:4  | Reached skill level 7 in Evocations
 32568 | Snake:4  | Reached skill level 8 in Evocations
 32694 | Snake:4  | Reached XP level 18. HP: 86/120 MP: 19/19
 33315 | Snake:4  | Reached skill level 15 in Shields
 33486 | Snake:4  | Got a serpentine rune of Zot
 33861 | Swamp:1  | Entered Level 1 of the Swamp
 33925 | Swamp:1  | Noticed Kirke
 33930 | Swamp:1  | Noticed Nikola
 33939 | Swamp:1  | Killed Kirke
 33954 | Swamp:1  | Killed Nikola
 34213 | Swamp:1  | HP: 28/120 [eleionoma/spray of wooden splinters (25)]
 34406 | Swamp:1  | Noticed a tentacled monstrosity
 34417 | Swamp:1  | Killed a tentacled monstrosity
 34435 | Swamp:1  | Reached skill level 16 in Shields
 35278 | Swamp:2  | Reached skill level 17 in Shields
 35365 | Swamp:2  | You are sucked into a shaft and drop 1 floor!
 36313 | Swamp:3  | Noticed Mara
 36314 | Swamp:3  | Noticed Donald
 36342 | Swamp:4  | Entered Level 4 of the Swamp
 36402 | Swamp:3  | Killed Donald
 36403 | Swamp:3  | Reached skill level 18 in Shields
 36584 | Swamp:4  | You pick up a book of Callings and begin reading...
 36624 | Swamp:4  | Reached XP level 19. HP: 125/125 MP: 20/20
 36739 | Swamp:4  | You pick up a book of Touch and begin reading...
 36739 | Swamp:4  | You add the spells Kiss of Death, Confusing Touch and
                  | Dispel Undead to your library.
 37337 | Swamp:4  | Got a decaying rune of Zot
 37677 | Lair:4   | Fell from the grace of Wu Jian
 37677 | Lair:4   | Became a worshipper of Jiyva Jaeckom the Shapeless
 37862 | Vaults:1 | Entered Level 1 of the Vaults
 37981 | Vaults:1 | Reached skill level 19 in Unarmed Combat
 38032 | Vaults:1 | Reached skill level 17 in Fighting
 38661 | Vaults:1 | Reached * piety under Jiyva
 39285 | Vaults:2 | Reached ** piety under Jiyva
 39291 | Vaults:2 | Noticed Mennas
 39339 | Vaults:2 | Killed Mennas
 39351 | Vaults:2 | You pick up a book of Displacement and begin reading...
 39404 | Vaults:2 | Found a staircase to the Crypt.
 39593 | Vaults:2 | Noticed Sojobo
 39755 | Vaults:2 | Identified the +7 shortbow of Ashenzari's Esteem {freeze,
                  | ^Fragile Str+6}
 39757 | Vaults:2 | Identified the orb of Follow the Leader {light, Int+4 Fire}
 39899 | Vaults:2 | You pick up a book of the Dragon and begin reading...
 39899 | Vaults:2 | You add the spells Cause Fear, Fireball and Dragon's Call
                  | to your library.
 40009 | Vaults:2 | Reached XP level 20. HP: 64/136 MP: 21/21
 40011 | Vaults:2 | HP: 23/136 [Sojobo/bolt of lightning (43)]
 40146 | Vaults:3 | Reached skill level 20 in Unarmed Combat
 40149 | Vaults:3 | Reached skill level 18 in Fighting
 40161 | Vaults:3 | Reached *** piety under Jiyva
 40221 | Vaults:3 | Noticed Norris
 40246 | Vaults:3 | Killed Norris
 40310 | Vaults:3 | Found a magical portal.
 40347 | WizLab   | Entered Eringya's Formal Garden
 40399 | WizLab   | Lost mutation: You occasionally shout uncontrollably at
                  | your foes. [Jiyva's grace]
 40399 | WizLab   | Lost mutation: Your muscles are very strong. (Str +8,
                  | Int/Dex -2) [Jiyva's grace]
 40399 | WizLab   | Gained mutation: Your flesh is heat resistant. (rF+)
                  | [Jiyva's grace]
 40399 | WizLab   | Gained mutation: Your flesh is very heat resistant. (rF++)
                  | [Jiyva's grace]
 40399 | WizLab   | Gained mutation: Your flesh is almost immune to the effects
                  | of heat. (rF+++) [Jiyva's grace]
 40399 | WizLab   | Gained mutation: You passively map a small area around you.
                  | [Jiyva's grace]
 40569 | WizLab   | Reached skill level 19 in Fighting
 40573 | WizLab   | Got Kyjyxoi's Excursus on Non-Euclidean Combat Magic
 40714 | WizLab   | Found a blossoming altar of Fedhas.
 40720 | WizLab   | Identified the +12 quarterstaff of Victory {spect, rElec}
 40723 | WizLab   | Got Eringya's Spellbook of Substances
 40788 | WizLab   | You pick up a book of Battle and begin reading...
 40788 | WizLab   | You add the spells Fugue of the Fallen and Manifold Assault
                  | to your library.
 40980 | Vaults:3 | Reached **** piety under Jiyva
 41518 | Vaults:3 | Was forgiven by Wu Jian
 41883 | Vaults:3 | Reached skill level 20 in Fighting
 42168 | Vaults:4 | Reached ***** piety under Jiyva
 42524 | Vaults:4 | Lost mutation: Your flesh is almost immune to the effects
                  | of heat. (rF+++) [Jiyva's grace]
 42524 | Vaults:4 | Lost mutation: Your flesh is very heat resistant. (rF++)
                  | [Jiyva's grace]
 42524 | Vaults:4 | Lost mutation: You passively map a small area around you.
                  | [Jiyva's grace]
 42524 | Vaults:4 | Gained mutation: You possess an exceptional clarity of
                  | mind. [Jiyva's grace]
 42524 | Vaults:4 | Gained mutation: You have a small jelly attached to you
                  | that may absorb projectiles. [Jiyva's grace]
 42524 | Vaults:4 | Gained mutation: Armour fits poorly on your pseudopods.
                  | [Jiyva's grace]
 42524 | Vaults:4 | Gained mutation: Armour fits poorly on your large
                  | pseudopods. [Jiyva's grace]
 43175 | Elf:1    | Entered Level 1 of the Elven Halls
 43216 | Elf:1    | Reached skill level 13 in Armour
 43267 | Elf:1    | Noticed Frances
 43274 | Elf:1    | Killed Frances
 43326 | Elf:1    | You pick up a book of Winter and begin reading...
 43432 | Elf:1    | Reached skill level 15 in Dodging
 43436 | Elf:1    | Reached XP level 21. HP: 143/146 MP: 22/22
 43859 | Elf:1    | Found Ytoinutz's Magic Scroll Shoppe.
 43867 | Elf:1    | Bought a scroll of blinking for 105 gold pieces
 43867 | Elf:1    | Bought a scroll of teleportation for 42 gold pieces
 43867 | Elf:1    | Bought a scroll of teleportation for 42 gold pieces
 43867 | Elf:1    | Bought a scroll of teleportation for 42 gold pieces
 43867 | Elf:1    | Bought a scroll of revelation for 105 gold pieces
 43867 | Elf:1    | Bought a scroll of summoning for 133 gold pieces
 44368 | Elf:2    | Reached skill level 14 in Armour
 44470 | Elf:2    | Reached ****** piety under Jiyva
 44710 | Slime:1  | Entered Level 1 of the Pits of Slime
 44738 | Slime:5  | Entered Level 5 of the Pits of Slime
 44740 | Slime:5  | Found a viscous altar of Jiyva.
 44747 | Slime:5  | Got a starry gem with 565 turns to spare
 44749 | Slime:5  | Got a slimy rune of Zot
 44768 | Slime:5  | You pick up a book of Chaos and begin reading...
 44768 | Slime:5  | You add the spells Conjure Ball Lightning, Disjunction and
                  | Discord to your library.
 44772 | Slime:5  | You pick up a book of Annihilations and begin reading...
 44772 | Slime:5  | You add the spells Chain Lightning, Fire Storm and Shatter
                  | to your library.
 44791 | Slime:5  | Identified the +4 ring mail of Going Fast {rElec Str+2
                  | Dex+3}
 44816 | Slime:5  | Noticed the Royal Jelly
 44818 | Slime:5  | Identified the +11 rapier of Leoplael {pain, rElec rCorr
                  | Str+2}
 45390 | Elf:3    | Entered Level 3 of the Elven Halls
 45422 | Elf:3    | Reached skill level 16 in Dodging
 45517 | Elf:3    | Reached skill level 17 in Dodging
 45647 | Elf:3    | Identified the +7 long sword "Qisi" {pain, *Noise rN++
                  | Int+5}
 45837 | Elf:3    | Identified the staff of Lust {rN+ Int+4 Necro}
 45862 | Elf:3    | Lost mutation: You have a small jelly attached to you that
                  | may absorb projectiles. [Jiyva's grace]
 45862 | Elf:3    | Gained mutation: You have acidic saliva. [Jiyva's grace]
 45862 | Elf:3    | Gained mutation: You are somewhat resistant to further
                  | mutation. [Jiyva's grace]
 45862 | Elf:3    | Gained mutation: You are somewhat resistant to both further
                  | mutation and mutation removal. [Jiyva's grace]
 45862 | Elf:3    | Gained mutation: You are almost entirely resistant to
                  | further mutation and mutation removal. [Jiyva's grace]
 45905 | Elf:3    | Got the Parchment of the Icicle
 45918 | Elf:3    | Identified the +1 cloak "Itiat" {rElec Str+2 Int+3 SInv}
 45955 | Elf:3    | Identified the staff "Wisaumoab" {rPois Str+3 Alchemy}
 46283 | Elf:3    | Identified the +8 sling of the Soft God {drain, Str-4 Int+5
                  | Stlth+}
 46614 | Depths:1 | Entered Level 1 of the Depths
 46629 | D:15     | Reached skill level 18 in Dodging
 47156 | Depths:1 | Found Agakic's Jewellery Shoppe.
 47157 | Depths:1 | Found Gebloiv's Book Boutique.
 47160 | Depths:1 | Found Ozyfrarph's Jewellery Shoppe.
 47165 | Depths:1 | Bought the amulet of Internal Strife {Reflect rC+ Will+
                  | SH+5} for 595 gold pieces
 47198 | Depths:1 | Found a blossoming altar of Fedhas.
 47530 | Depths:1 | magus.rc [v1.9.6]
 47567 | Depths:3 | Found Qaregac's Magic Scroll Shoppe.
 47575 | Depths:3 | Found a one-way gate to the infinite horrors of the Abyss.
 47578 | Depths:3 | Noticed a golden dragon
 47582 | Depths:3 | Reached XP level 22. HP: 153/153 MP: 23/23
 47592 | Depths:3 | Killed a golden dragon
 47668 | Depths:3 | Bought a scroll of acquirement for 780 gold pieces
 47668 | Depths:3 | Bought a scroll of teleportation for 45 gold pieces
 47668 | Depths:3 | Bought a scroll of teleportation for 45 gold pieces
 47668 | Depths:3 | Bought a scroll of fog for 60 gold pieces
 47668 | Depths:3 | Bought a scroll of fog for 60 gold pieces
 47668 | Depths:3 | Bought a scroll of fog for 60 gold pieces
 47668 | Depths:3 | Bought 3 scrolls of fog for 180 gold pieces
 47668 | Depths:3 | Acquired 556 gold pieces
 47682 | Depths:4 | Entered Level 4 of the Depths
 47801 | Depths:4 | Reached skill level 21 in Unarmed Combat
 47804 | Depths:4 | Found a gate to the Realm of Zot.
 47812 | Depths:4 | Got a midnight gem with 2261 turns to spare
 47814 | Zot:1    | Entered Level 1 of the Realm of Zot
 47857 | Depths:4 | quicksilver dragon scales {rare}; a quicksilver dragon
                  | corpse
 47871 | Depths:4 | Reached skill level 21 in Fighting
 47872 | Depths:4 | quicksilver dragon scales {rare}; a quicksilver dragon
                  | corpse
 47880 | Depths:4 | quicksilver dragon scales {rare}; a quicksilver dragon
                  | corpse
 47937 | Zot:1    | HP: 25/155 [white draconian stormcaller[a white draconian
                  | stormcaller] (28)]
 48036 | Zot:1    | Lost mutation: You are almost entirely resistant to further
                  | mutation and mutation removal. [Jiyva's grace]
 48036 | Zot:1    | Lost mutation: You are somewhat resistant to both further
                  | mutation and mutation removal. [Jiyva's grace]
 48036 | Zot:1    | Gained mutation: You are resistant to electric shocks.
                  | (rElec) [Jiyva's grace]
 48036 | Zot:1    | Gained mutation: You have a small jelly attached to you
                  | that senses nearby items. [Jiyva's grace]
 48036 | Zot:1    | Gained mutation: You are strong-willed. (Will+) [Jiyva's
                  | grace]
 48036 | Zot:1    | Gained mutation: You are highly strong-willed. (Will++)
                  | [Jiyva's grace]
 48181 | Zot:5    | Entered Level 5 of the Realm of Zot
 48302 | Zot:5    | Got a prismatic gem with 646 turns to spare
 48338 | Zot:5    | Reached skill level 22 in Unarmed Combat
 48348 | Zot:5    | Noticed a Killer Klown
 48350 | Zot:5    | Noticed an orb of fire
 48355 | Zot:5    | Noticed a Killer Klown
 48362 | Zot:5    | Killed a Killer Klown
 48373 | Zot:5    | Killed an orb of fire
 48380 | Zot:5    | Noticed an orb of fire
 48382 | Zot:5    | Noticed an electric golem
 48395 | Zot:5    | Killed a Killer Klown
 48406 | Zot:5    | Gained mutation: You are clumsy. (Dex -2) [an orb of fire]
 48408 | Zot:5    | Killed an orb of fire
 48415 | Zot:5    | Killed an electric golem
 48416 | Zot:5    | Reached XP level 23. HP: 150/161 MP: 24/24
 48431 | Zot:5    | Reached skill level 22 in Fighting
 48512 | Zot:5    | Noticed an orb of fire
 48514 | Zot:5    | Noticed an orb of fire
 48515 | Zot:5    | Gained mutation: You are frail. (-10% HP) [an orb of fire]
 48516 | Zot:5    | Noticed a Killer Klown
 48520 | Zot:5    | Lost mutation: You are somewhat resistant to further
                  | mutation. [an orb of fire]
 48521 | Zot:5    | Noticed an ancient lich
 48527 | Zot:5    | Noticed a Killer Klown
 48530 | Zot:5    | Got the Orb of Zot
 48630 | Depths:4 | quicksilver dragon scales {rare}; a quicksilver dragon
                  | skeleton
 49004 | D:$      | Escaped with the Orb!

Vanquished Creatures
  2 orbs of fire (Zot:5)
  Mennas (Vaults:2)
  A Killer Klown (Zot:5)
  Saint Roka (Orc:2)
  A golden dragon (Depths:3)
  Nikola (Swamp:1)
  A bone dragon (Depths:4)
  Norris (Vaults:3)
  An electric golem (Zot:5)
  A Hell Sentinel (Depths:3)
  18 Orb Guardians
  Rupert (Orc:1)
  4 tentacled monstrosities
  Jorgrun (Snake:3)
  2 liches
  A quicksilver dragon (Depths:4)
  6 deep elf master archers
  A sphinx (Vaults:3)
  2 deep elf blademasters (Elf:3)
  Agnes (Snake:2)
  An Executioner (D:15)
  Frances (Elf:1)
  2 thorn hunters
  2 death cobs
  2 tengu reavers
  A storm dragon (Zot:5)
  2 draconian knights
  Aizul (Snake:2)
  2 shadow dragons (Zot:1)
  3 protean progenitors
  4 draconian monks
  Donald (Swamp:3)
  3 frost giants
  3 fenstrider witches (WizLab)
  13 nagarajas
  4 fire giants
  4 deep elf sorcerers (Elf:3)
  3 draconian shifters (Zot:1)
  2 ghost moths
  6 deep elf elementalists
  A draconian scorcher (Zot:5)
  3 ghouls (Swamp:3)
  2 spectral caustic shrikes (Depths:3)
  An orc warlord (Vaults:4)
  2 draconian stormcallers (Zot:1)
  7 vault wardens
  6 ironbound preservers
  6 very ugly things
  A draconian annihilator (Zot:1)
  A stone giant (Depths:3)
  8 ironbound thunderhulks
  6 eleionomae
  5 deep elf annihilators
  2 green draconians
  3 white draconians (Zot:5)
  Nessos (Lair:4)
  3 war gargoyles
  3 black draconians
  3 dire elephants
  7 deep elf death magi
  6 deep elf demonologists (Elf:3)
  Azrael (Snake:2)
  A minotaur (Gauntlet)
  5 bunyips
  3 purple draconians
  2 red draconians
  4 yellow draconians
  A crystal guardian (Vaults:1)
  A fire dragon (D:15)
  2 ettins
  Josephine (D:15)
  5 yaktaur captains
  2 deep elf high priests (Elf:3)
  A green death (D:11)
  6 shambling mangroves
  A rakshasa (Depths:4)
  3 catoblepae
  3 ice dragons
  2 ogre magi
  3 spriggan air magi
  27 hydras
  5 salamander tyrants
  7 anacondas
  12 alligators
  7 two-headed ogres
  11 vault guards
  13 centaur warriors
  2 ghost crabs
  3 death knights
  3 ironbound frosthearts (Vaults:1)
  2 boulder beetles
  A death scarab (Gauntlet)
  3 deep troll shamans
  57 dancing weapons
  11 naga warriors
  4 tengu warriors
  4 deep troll earth magi
  4 orc high priests (Orc:2)
  14 naga sharpshooters
  An occultist (Lair:5)
  3 spriggan berserkers
  11 hell knights
  7 shock serpents
  A sun demon (D:9)
  Sonja (Orc:2)
  11 deep elf knights
  A shadow wraith (Vaults:2)
  5 salamander mystics
  3 skysharks
  A sixfirhy (Lair:5)
  4 sea snakes (Snake:3)
  Lodul (D:11)
  5 skeletal warriors
  2 iron trolls
  15 swamp dragons
  7 mana vipers
  5 goliath frogs
  6 arcanists
  15 deep trolls
  5 spriggan druids
  A spectral hydra (Gauntlet)
  10 deep elf archers
  9 bog bodies
  3 orc knights
  5 naga ritualists
  5 ironbound convokers
  2 oklob plants (WizLab)
  34 ugly things
  22 deep elf pyromancers
  20 deep elf zephyrmancers
  4 necromancers
  3 orc sorcerers (Orc:2)
  7 harpies
  A wolf spider (Lair:4)
  2 will-o-the-wisps
  10 salamanders
  2 fauns (WizLab)
  A manticore (D:14)
  A tengu skeleton (Vaults:1)
  10 moths of wrath
  A manticore (shapeshifter) (D:14)
  11 cyclopes
  11 elephants
  A stone giant skeleton (Vaults:2)
  10 vault sentinels
  2 guardian serpents (Snake:4)
  2 kobold blastminers (Orc:1)
  17 cane toads
  24 naga magi
  An unseen horror (D:12)
  34 black mambas
  A gargoyle (D:14)
  3 orange demons (Lair:5)
  11 komodo dragons
  18 yaktaurs
  Maggie (Lair:1)
  2 ice devils (Lair:5)
  3 kobold demonologists
  7 rime drakes
  An efreet (D:14)
  2 tengu conjurers (D:15)
  9 trolls
  A troll (shapeshifter) (D:14)
  16 hornets
  A hellwing (Lair:5)
  2 polar bears
  A polar bear (shapeshifter) (D:15)
  15 blink frogs
  3 tyrant leeches (Swamp:2)
  5 slime creatures (D:14)
  A centaur simulacrum (D:14)
  2 vampires
  8 spriggans
  An elf simulacrum (Vaults:2)
  33 yaks
  A spriggan (shapeshifter) (D:12)
  An air elemental (Elf:1)
  2 water elementals (Elf:2)
  4 wraiths
  11 basilisks
  4 fire elementals
  8 wyverns
  2 hogs (Swamp:1)
  An elf skeleton (Vaults:2)
  A warg (Orc:1)
  13 vampire mosquitoes
  A steam dragon (D:6)
  Menkaure (D:5)
  11 swamp worms
  A glowing shapeshifter zombie (Vaults:2)
  31 nagas
  20 water moccasins
  2 acid dragons
  9 hell hounds
  40 orc warriors
  An ice beast (D:7)
  10 swamp drakes
  A black bear (D:5)
  11 ogres
  3 laughing skulls
  2 boggarts (Vaults:1)
  21 wolves
  10 centaurs
  A phantom (D:5)
  3 kobold brigands
  A human zombie (Vaults:2)
  18 bullfrogs
  A necrophage (Swamp:3)
  2 earth elementals
  A scorpion (D:3)
  6 wights (D:8)
  17 killer bees
  10 howler monkeys
  11 electric eels
  4 bombardier beetles
  6 jellies
  9 hounds
  35 orc priests
  2 iguanas
  A gnoll bouda (D:9)
  2 sleepcaps
  26 orc wizards
  Natasha (thrice) (D:2)
  6 hell rats (Lair:3)
  10 gnolls
  14 adders
  6 shadow imps
  2 white imps (Gauntlet)
  2 ufetubi (D:5)
  A dart slug (D:6)
  A ribbon worm (D:4)
  68 orcs
  3 endoplasms
  2 giant cockroaches (D:4)
  20 goblins
  6 hobgoblins
  2 quokkas
  6 ball pythons
  6 bats
  5 frilled lizards (D:1)
  11 kobolds
  5 rats
1503 creatures vanquished.

Vanquished Creatures (collateral kills)
  A Killer Klown (Zot:5)
  2 dancing weapons (Vaults:1)
  A deep troll (Vaults:1)
  An ironbound convoker (Vaults:1)
  A vault sentinel (Vaults:1)
  A slime creature (D:14)
7 creatures vanquished.

Vanquished Creatures (others)
  Kirke (Swamp:1)
  A draconian scorcher (Zot:1)
  2 formless jellyfish
  An ironbound preserver (Vaults:2)
  An ironbound thunderhulk (Vaults:4)
  A black draconian (Zot:1)
  A bunyip (Swamp:1)
  A red draconian (Zot:1)
  5 great orbs of eyes
  A peacekeeper (Vaults:1)
  2 alligators (Swamp:4)
  An ironbound frostheart (Vaults:4)
  A lindwurm (Vaults:1)
  A necromancer (Vaults:1)
  An arcanist (Vaults:4)
  A deep elf zephyrmancer (Elf:1)
  An ugly thing (Vaults:4)
  A vault sentinel (Vaults:1)
  4 yaktaurs (Vaults:1)
  2 bloated husks
  A hornet (Swamp:2)
  A human skeleton (Vaults:1)
  14 slime creatures
  Sigmund (D:4)
  2 hogs (Swamp:1)
  A water elemental (Depths:4)
  A vampire mosquito (Swamp:2)
  2 swamp worms (Swamp:4)
  A glowing shapeshifter skeleton (Vaults:1)
  2 boggarts (Vaults:1)
  59 jellies
  A jelly (shapeshifter) (Vaults:2)
  An orc wizard (Orc:2)
  An orc (Orc:2)
  6 foxfires (Swamp:4)
124 creatures vanquished.

Grand Total: 1634 creatures vanquished

Table legend:
 A = Non-vault XP
 B = Vault XP
 C = Vault XP percentage of total XP
 D = Non-vault monster count
 E = Vault monster count
 F = Vault count percentage of total count
                 A         B        C        D         E       F
            +---------+---------+-------+---------+---------+-------
      Total |  401928 |  322910 |  44.5 |     910 |     561 |  38.1
            +---------+---------+-------+---------+---------+-------
        D:1 |      18 |       0 |   0.0 |      17 |       0 |   0.0
        D:2 |      85 |      33 |  28.0 |      11 |       1 |   8.3
        D:3 |     139 |       0 |   0.0 |      13 |       0 |   0.0
        D:4 |     145 |     349 |  70.6 |      10 |      11 |  52.4
        D:5 |     372 |     175 |  32.0 |       9 |       1 |  10.0
        D:6 |     506 |       4 |   0.8 |      13 |       1 |   7.1
        D:7 |    1655 |       0 |   0.0 |      15 |       0 |   0.0
        D:8 |     738 |    1515 |  67.2 |      14 |      15 |  51.7
        D:9 |    2652 |     913 |  25.6 |      33 |      17 |  34.0
       D:10 |    1310 |       0 |   0.0 |       8 |       0 |   0.0
       D:11 |    3703 |    1459 |  28.3 |      13 |      13 |  50.0
       D:12 |    4825 |       0 |   0.0 |      21 |       0 |   0.0
       D:13 |    3788 |       0 |   0.0 |      10 |       0 |   0.0
       D:14 |   13061 |   17263 |  56.9 |      25 |      25 |  50.0
       D:15 |   32075 |    6406 |  16.6 |      51 |      12 |  19.0
     Lair:1 |   10449 |     376 |   3.5 |      46 |       1 |   2.1
     Lair:2 |    6267 |       0 |   0.0 |      22 |       0 |   0.0
     Lair:3 |    5291 |    7263 |  57.9 |      20 |      26 |  56.5
     Lair:4 |    2901 |    3669 |  55.8 |      11 |      19 |  63.3
     Lair:5 |   10510 |   10356 |  49.6 |      29 |      27 |  48.2
    Swamp:1 |   11516 |    5836 |  33.6 |      18 |       5 |  21.7
    Swamp:2 |   19086 |       0 |   0.0 |      40 |       0 |   0.0
    Swamp:3 |   14319 |    1297 |   8.3 |      21 |       1 |   4.5
    Swamp:4 |   16322 |   17806 |  52.2 |      26 |      30 |  53.6
    Snake:1 |   15013 |    1245 |   7.7 |      35 |       2 |   5.4
    Snake:2 |   14637 |    6891 |  32.0 |      24 |      13 |  35.1
    Snake:3 |   14140 |    2582 |  15.4 |      26 |       2 |   7.1
    Snake:4 |   15558 |   33857 |  68.5 |      33 |      42 |  56.0
      Orc:1 |    3718 |    2018 |  35.2 |      39 |       3 |   7.1
      Orc:2 |    1306 |   11768 |  90.0 |      16 |      71 |  81.6
      Elf:1 |   15747 |   12662 |  44.6 |      25 |      18 |  41.9
      Elf:2 |   11117 |       0 |   0.0 |      19 |       0 |   0.0
      Elf:3 |   11102 |   34444 |  75.6 |      18 |      31 |  63.3
   Vaults:1 |   16017 |    6343 |  28.4 |      25 |       9 |  26.5
   Vaults:2 |    8256 |   23616 |  74.1 |      16 |      22 |  57.9
   Vaults:3 |   13664 |    8810 |  39.2 |      20 |       8 |  28.6
   Vaults:4 |   19481 |    5985 |  23.5 |      26 |       6 |  18.8
   Depths:1 |    7252 |       0 |   0.0 |       9 |       0 |   0.0
   Depths:3 |   16915 |    2348 |  12.2 |      20 |       2 |   9.1
   Depths:4 |    7461 |   11343 |  60.3 |       8 |      10 |  55.6
      Zot:1 |   25041 |       0 |   0.0 |      27 |       0 |   0.0
      Zot:3 |    5440 |       0 |   0.0 |       5 |       0 |   0.0
      Zot:4 |    3262 |       0 |   0.0 |       2 |       0 |   0.0
      Zot:5 |   13114 |   46606 |  78.0 |      14 |      24 |  63.2
     Bailey |       0 |    3212 | 100.0 |       0 |      45 | 100.0
     WizLab |    1954 |   29265 |  93.7 |       7 |      31 |  81.6
   Gauntlet |       0 |    5195 | 100.0 |       0 |      17 | 100.0
            +---------+---------+-------+---------+---------+-------

Skill      XL: |  1  2  3  4  5  6  7  8  9 10 11 12 13 14 15 16 17 18 19 20 21 22 23 |
---------------+----------------------------------------------------------------------+-----
Fighting       | 2 3 4 5 6 8 9 10 11 12 13 14 15 16 17 20 21 22 | 22.2
Unarmed Combat | 4 5 6 7 9 10 11 12 13 14 16 18 19 20 22 | 22.6
Dodging        | 5 10 11 12 14 15 18 | 18.0
Armour         | 4 8 12 13 14 | 14.0
Shields        | 4 10 13 14 18 | 18.0
Evocations     | 8 |  8.0
Shapeshifting  | |  2.6

Action                     |  1- 3 |  4- 6 |  7- 9 | 10-12 | 13-15 | 16-18 | 19-21 | 22-24 || total
---------------------------+-------+-------+-------+-------+-------+-------+-------+-------++-------
  Melee: Unarmed           |    48 |    55 |   170 |   650 |  1148 |  1297 |  1529 |   424 ||  5321
         Kick              |     5 |    17 |    59 |   260 |   477 |   536 |   653 |   203 ||  2210
         Peck              |     2 |     8 |    39 |   137 |   283 |   349 |   453 |   134 ||  1405
         Punch             |       |       |    11 |    48 |     5 |       |       |       ||    64
         Pseudopods        |       |       |       |       |       |       |   139 |   149 ||   288
         Bite              |       |       |       |       |       |       |    35 |    80 ||   115
  Throw: Dart              |    11 |     7 |     3 |    14 |       |       |       |       ||    35
         Throwing net      |       |       |       |     1 |       |       |       |       ||     1
 Invoke: Heavenly Storm    |       |       |       |       |     2 |       |       |       ||     2
         Oozemancy         |       |       |       |       |       |       |     1 |     1 ||     2
Ability: Lunge             |       |     1 |    12 |    21 |    79 |    80 |     7 |       ||   200
         Whirlwind         |       |       |     1 |     6 |    38 |    28 |     1 |       ||    74
         Wall Jump         |       |       |       |       |       |     1 |       |       ||     1
  Evoke: Wand              |       |     2 |     4 |    14 |     4 |       |     7 |     2 ||    33
         Lightning rod     |       |       |       |       |     5 |       |     4 |       ||     9
         Phantom mirror    |       |       |       |       |     2 |       |     1 |     1 ||     4
         Phial of floods   |       |       |       |       |     1 |     2 |     1 |       ||     4
         Box of beasts     |       |       |       |       |       |     1 |       |       ||     1
         Tin of tremorston |       |       |       |       |       |       |     4 |       ||     4
    Use: Scroll            |     1 |     8 |     1 |    10 |    18 |     6 |    18 |     9 ||    71
         Potion            |     1 |       |       |       |     9 |     3 |     9 |    12 ||    34
   Stab: Sleeping          |     4 |     4 |     1 |       |       |       |       |       ||     9
         Distracted        |     1 |       |       |     2 |       |       |     4 |     2 ||     9
         Paralysed         |       |       |     6 |       |     3 |       |     2 |       ||    11
         Held in net/web   |       |       |       |     1 |       |       |       |       ||     1
         Invisible         |       |       |       |       |       |       |       |    21 ||    21
 Armour: Animal skin       |    11 |    11 |     6 |       |       |       |       |       ||    28
         Skin              |     9 |       |       |       |       |       |       |       ||     9
         Ring mail         |       |       |    44 |    82 |       |       |       |       ||   126
         Scale mail        |       |       |       |    86 |   209 |   252 |   298 |    94 ||   939
  Dodge: Dodged            |    18 |    39 |   129 |   649 |   536 |   556 |   678 |   206 ||  2811
  Block: Kite shield       |       |       |       |       |   885 |   758 |       |       ||  1643
         Reflection        |       |       |       |       |    30 |   125 |   187 |     6 ||   348
         Tower shield      |       |       |       |       |       |   470 |  1952 |   494 ||  2916
         Form:             |       |       |     1 |       |       |       |       |       ||     1
         Beast             |       |       |     1 |       |       |       |       |       ||     1

Illustrated notes

Table legend:
 A = Kills in this place as a percentage of kills in the entire game.
 B = Kills by you in this place as a percentage of kills by you in the entire game.
 C = Kills by friends in this place as a percentage of kills by friends in the entire game.
 D = Other kills in this place as a percentage of other kills in the entire game.
 E = Experience gained in this place as a percentage of experience gained in the entire game.
 F = Experience gained in this place divided by the number of levels of this place that you have seen.
                   A       B       C       D       E      F
               +-------+-------+-------+-------+-------+----------------------
         Total | 100.0 | 100.0 | 100.0 | 100.0 | 100.0 | 13333.2
       Dungeon |  24.6 |  24.8 |  20.0 |   7.1 |  13.4 | 6536.3
          Lair |  13.6 |  13.8 |   0.0 |   0.0 |   7.8 | 11416.4
         Swamp |   9.5 |   9.1 |   0.0 |  57.1 |  11.8 | 21545.5
     Snake Pit |  12.0 |  12.1 |   0.0 |   0.0 |  14.2 | 25980.8
  Orcish Mines |   8.7 |   8.8 |   0.0 |   7.1 |   2.6 | 9405.0
   Elven Halls |   7.5 |   7.6 |   0.0 |   0.0 |  11.6 | 28357.3
        Vaults |   8.9 |   8.8 |  60.0 |   7.1 |  13.9 | 25543.0
        Depths |   3.5 |   3.5 |   0.0 |   0.0 |   6.7 | 12237.2
           Zot |   4.9 |   4.7 |  20.0 |  21.4 |  12.7 | 18692.6
        Bailey |   3.0 |   3.1 |   0.0 |   0.0 |   0.4 | 3212.0
        Wizlab |   2.6 |   2.6 |   0.0 |   0.0 |   4.3 | 31219.0
      Gauntlet |   1.2 |   1.2 |   0.0 |   0.0 |   0.7 | 5195.0
               +-------+-------+-------+-------+-------+----------------------

Table legend: (Time is in decaauts)
 A = Elapsed time spent in this place.
 B = Non-inter-level travel time spent in this place.
 C = Inter-level travel time spent in this place.
 D = Time resting spent in this place.
 E = Time spent auto-exploring this place.
 F = Levels seen in this place.
 G = Mean time per level.
                   A        B        C        D        E       F      G
               +--------+--------+--------+--------+--------+-----+--------+
         Total |  47836 |  42786 |   5050 |   8573 |  24452 |  55 |  869.7 |
       Dungeon |  18570 |  15297 |   3273 |   2727 |   9897 |  15 | 1238.0 |
        Temple |     30 |     15 |     15 |      0 |      0 |   1 |   30.0 |
          Lair |   6671 |   6146 |    525 |   1515 |   3472 |   5 | 1334.2 |
         Swamp |   3629 |   3519 |    110 |   1251 |   1488 |   4 |  907.2 |
     Snake Pit |   5837 |   5680 |    157 |   1038 |   3499 |   4 | 1459.2 |
    Slime Pits |    448 |    393 |     55 |      0 |    315 |   5 |   89.6 |
  Orcish Mines |   2621 |   2314 |    307 |    934 |    866 |   2 | 1310.5 |
   Elven Halls |   2352 |   2064 |    288 |     40 |   1439 |   3 |  784.0 |
        Vaults |   4355 |   4088 |    267 |    713 |   2398 |   4 | 1088.8 |
        Depths |    906 |    865 |     41 |     67 |    379 |   4 |  226.5 |
           Zot |    584 |    576 |      8 |     14 |      0 |   5 |  116.8 |
        Bailey |    817 |    817 |      0 |    146 |    289 |   1 |  817.0 |
        Wizlab |    529 |    529 |      0 |      9 |    252 |   1 |  529.0 |
      Gauntlet |    480 |    480 |      0 |    115 |    157 |   1 |  480.0 |
               +--------+--------+--------+--------+--------+-----+--------+

Top non-repeatable levels by time:
    D:14: 2201 daAuts
 Snake:4: 2176 daAuts
     D:9: 2141 daAuts
  Lair:3: 1794 daAuts
   Orc:2: 1727 daAuts
     D:5: 1665 daAuts
     D:6: 1615 daAuts
  Lair:1: 1520 daAuts
  Lair:5: 1517 daAuts
Vaults:1: 1511 daAuts
     D:7: 1434 daAuts
 Snake:3: 1430 daAuts
     D:8: 1374 daAuts
     D:1: 1263 daAuts
 Snake:2: 1256 daAuts
